 Dungeon Crawl Stone Soup version 0.19.4 (webtiles) character file.

1224 Kiturien the Cleaver (level 8, -1/71 HPs)
             Began as a Hill Orc Fighter on Feb 3, 2017.
             Slain by a sky beast (6 damage)
             ... on level 7 of the Dungeon.
             The game lasted 00:16:17 (6716 turns).

Kiturien the Cleaver (Hill Orc Fighter)             Turns: 6716, Time: 00:16:18

Health: -1/71      AC: 12    Str: 24    XL:     8   Next: 47%
Magic:  0/8        EV:  8    Int:  2    God:
Gold:   239        SH: 10    Dex: 10    Spells: 1 memorised, 5 levels left

rFire  . . .     SeeInvis .     a - +0 war axe
rCold  . . .     Gourm    .     A - +0 plate armour (curse)
rNeg   . . .     Faith    .     c - +0 shield
rPois  .         Spirit   +     (no helmet)
rElec  .         Reflect  .     (no cloak)
rCorr  .         Harm     .     (no gloves)
MR     .....                    (no boots)
Stlth  ..........               s - amulet of guardian spirit
                                w - +3 ring of evasion
                                l - ring "Jyulot" {Str+3 Int-6} (curse)

@: slowed, very slow
A: no striking features
a: no special abilities


You were on level 7 of the Dungeon.
You were hungry.

You visited 1 branch of the dungeon, and saw 7 of its levels.

You collected 239 gold pieces.

Inventory:

Hand Weapons
 a - a +0 war axe (weapon)
 j - a +4 halberd
Armour
 c - a +0 shield (worn)
 o - a +0 chain mail
 A - a cursed +0 plate armour (worn)
Jewellery
 e - an uncursed ring of magical power
 l - the cursed ring "Jyulot" (left hand) {Str+3 Int-6}
   (You found it on level 5 of the Dungeon)

   [ring of intelligence]

   It affects your strength (+3).
   It affects your intelligence (-6).
   It has a curse placed upon it.
 q - an uncursed ring of stealth
 s - an amulet of guardian spirit (around neck)
 t - a +4 ring of protection
 w - a +3 ring of evasion (right hand)
Wands
 b - a wand of flame (14/48)
 h - a wand of slowing (3/48)
 y - a wand of lightning (7/15)
Scrolls
 i - a scroll of amnesia
 D - a scroll of remove curse
 E - a scroll of silence {unknown}
Potions
 d - 2 potions of might
 k - 5 potions of curing
 p - a potion of invisibility
 r - a potion of lignification
 x - 2 potions of heal wounds
 z - a potion of cancellation {unknown}
 B - a potion of brilliance
 C - 2 potions of ambrosia
Books
 u - a book of Maledictions

   Spells                             Type                      Level
   a - Corona                         Hexes                        1
   b - Ensorcelled Hibernation        Hexes/Ice                    2
   c - Confuse                        Hexes                        3
   d - Tukima's Dance                 Hexes                        3
   e - Dazzling Spray                 Conjuration/Hexes            3
Comestibles
 f - 4 bread rations
 g - 2 meat rations
 m - a slice of pizza
 v - 3 fruits


   Skills:
 * Level 6.7 Fighting
 + Level 8.3 Axes
 + Level 5.4 Armour
 + Level 1.1 Dodging
 + Level 5.8 Shields


You had 5 spell levels left.
You knew the following spells:

 Your Spells              Type           Power        Failure   Level  Hunger
a - Ensorcelled Hibernat  Hex/Ice        #.....       100%        2    ###....


Dungeon Overview and Level Annotations

Branches:
Dungeon (7/15)
 Temple: D:4-7

Altars:
Dithmenos
Trog


Message History

An orc and an orc warrior come into view.
The orc warrior is wielding a dire flail of protection.
The orc shouts!
You block something's attack. The centaur zombie hits you.
* * * LOW HITPOINT WARNING * * *
An orc wizard comes into view. It is wielding a dagger.
Things that are here:
a dagger of electrocution; a robe; 7 gold pieces Something hits you.
* * * LOW HITPOINT WARNING * * *
Something shocks you.
* * * LOW HITPOINT WARNING * * *
Something completely misses you. You block the centaur zombie's attack.
There is a stone staircase leading up here.
The centaur zombie hits you.
* * * LOW HITPOINT WARNING * * *
Something hits you.
* * * LOW HITPOINT WARNING * * *
Something shocks you.
You die...

# ###.##+####
#....{@...#
#.....Z...#
#.........#
#..........#
#.....o.......
#.....o.......
#..........###
#..$.o.....?
#....o.....##


You could see an orc warrior, an orc wizard (wandering), an orc and a centaur
zombie.

Vanquished Creatures
  3 orc warriors (D:6)
  A phantom (D:5)
  A centaur (D:6)
  A scorpion (D:4)
  A crimson imp (D:5)
  2 hounds (D:5)
  A quasit (D:6)
  An orc priest (D:6)
  7 orc wizards
  An iguana (D:4)
  4 worker ants
  7 gnolls
  6 adders
  3 worms
  A dart slug (D:1)
  3 leopard geckos
  23 orcs
  A ball python (D:3)
  5 giant cockroaches
  10 hobgoblins
  6 jackals
  5 kobolds
  6 quokkas
  3 bats
  4 frilled lizards
  11 goblins
  A leopard gecko skeleton (D:4)
  A leopard gecko zombie (D:6)
  3 rats (D:1)
122 creatures vanquished.

Notes
Turn   | Place    | Note
-------+----------+-------------------------------------------
     0 | D:1      | Kiturien the Hill Orc Fighter began the quest for the Orb.
     0 | D:1      | Reached XP level 1. HP: 19/19 MP: 1/1
   110 | D:1      | Reached XP level 2. HP: 21/27 MP: 2/2
   729 | D:1      | Reached XP level 3. HP: 23/33 MP: 3/3
  1327 | D:2      | Reached skill level 3 in Axes
  1490 | D:2      | Reached XP level 4. HP: 26/41 MP: 4/4
  2275 | D:2      | Found a shadowy altar of Dithmenos.
  2570 | D:3      | Reached XP level 5. HP: 40/47 MP: 5/5
  2611 | D:3      | Reached skill level 4 in Axes
  3469 | D:4      | Reached skill level 5 in Axes
  3503 | D:4      | Reached XP level 6. HP: 33/53 MP: 4/6
  4172 | D:4      | Reached skill level 6 in Axes
  4394 | D:5      | Entered Level 5 of the Dungeon
  4535 | D:5      | Reached XP level 7. HP: 39/60 MP: 7/7
  4536 | D:5      | Reached skill level 1 in Dodging
  4587 | D:5      | Reached skill level 5 in Shields
  4843 | D:5      | Reached skill level 5 in Fighting
  5060 | D:5      | Learned a level 2 spell: Ensorcelled Hibernation
  5119 | D:5      | Reached skill level 7 in Axes
  5137 | D:5      | Got a brightly glowing lapis lazuli ring
  5140 | D:5      | Identified the cursed ring "Jyulot" {Str+3 Int-6} (You found it on level 5 of the Dungeon)
  5313 | D:5      | Found a faded altar of an unknown god.
  5313 | D:5      | Found a bloodstained altar of Trog.
  5318 | D:5      | Found a faded altar of an unknown god.
  5320 | D:5      | Found a faded altar of an unknown god.
  5322 | D:5      | Found a faded altar of an unknown god.
  6261 | D:6      | Reached skill level 5 in Armour
  6261 | D:6      | Reached XP level 8. HP: 54/70 MP: 5/8
  6376 | D:6      | Reached skill level 8 in Axes
  6716 | D:7      | Slain by a sky beast

Skill      XL: |  1  2  3  4  5  6  7  8 |
---------------+-------------------------+-----
Fighting       | 4 5 6 |  6.7
Axes           | 3 5 6 7 8 |  8.3
Shields        | 4 5 |  5.8
Armour         | 4 5 |  5.4
Dodging        | 1 |  1.1

Action                   |  1- 3 |  4- 6 |  7- 9 || total
-------------------------+-------+-------+-------++-------
Melee: War axe           |   118 |   258 |   154 ||   530
  Use: Scroll            |       |     8 |     6 ||    14
       Potion            |       |     1 |       ||     1
  Eat: Bread ration      |       |     2 |       ||     2
       Beef jerky        |       |     1 |     1 ||     2
       Pizza             |       |     1 |     1 ||     2
       Chunk             |       |       |     2 ||     2
       Royal jelly       |       |       |     1 ||     1
Armor: Scale mail        |    56 |     8 |       ||    64
       Chain mail        |       |   115 |    30 ||   145
       Ring mail         |       |     7 |     7 ||    14
       Plate armour      |       |       |    24 ||    24
Dodge: Dodged            |    31 |    68 |    47 ||   146
Block: Shield            |    65 |   141 |    79 ||   285
